 Dungeon Crawl Stone Soup version 0.28-a0-1555-g9ae15a6949 (webtiles) character file.

Game seed: 9949549792954666277

1396 issech the Chopper (level 8, 0/78 HPs)
             Began as a Troll Fighter on Jan 19, 2022.
             Was an Initiate of Dithmenos.
             Slain by kaffeinatedkobold's ghost (15 damage)
             ... on level 6 of the Dungeon.
             The game lasted 00:19:21 (4813 turns).

issech the Chopper (Troll Fighter)                  Turns: 4813, Time: 00:19:22

Health: 0/78       AC:  4    Str: 25    XL:     8   Next: 41%
Magic:  7/7        EV:  9    Int:  7    God:    Dithmenos [......]
Gold:   175        SH:  8    Dex: 11    Spells: 7/7 levels left

rFire   + . .      SeeInvis .   g - +11 hand axe of the Realm of Zot {freeze, rF+ Int+3}
rCold   . . .      Faith    .   c - +0 kite shield
rNeg    . . .      Spirit   .   b - +0 robe
rPois   .          Reflect  .   (helmet restricted)
rElec   .          Harm     .   (no cloak)
rCorr   .          Rampage  .   (gloves unavailable)
Will    .....                   (boots unavailable)
Stlth   ++........              (no amulet)
HPRegen 1.03/turn               (no ring)
MPRegen 0.10/turn               (no ring)

@: mighty
A: large, unfitting armour, claws 3, regeneration 1, shaggy fur 1, tough skin 1
a: Renounce Religion


You were on level 6 of the Dungeon.
You worshipped Dithmenos.
Dithmenos was noncommittal.
You visited 2 branches of the dungeon, and saw 8 of its levels.
You also visited: Ossuary.

You collected 175 gold pieces.

Inventory:

Hand Weapons
 a - a +0 flail
 g - the +11 hand axe of the Realm of Zot (weapon) {freeze, rF+ Int+3}
   (You found it on level 3 of the Dungeon)

   It freezes those it strikes, dealing additional cold damage.
   It can also slow down cold-blooded creatures.
   Int:       It affects your intelligence (+3).
   rF:        It protects you from fire.
 r - a +0 hunting sling
 s - a +0 long sword
 C - a +2 short sword of holy wrath
 E - a +1 trident of protection
 F - a +0 shortbow
Missiles
 f - 63 sling bullets
 h - 101 arrows
 i - 6 boomerangs
 j - 138 stones (quivered)
 t - 17 bolts
 H - 6 boomerangs of dispersal
 I - 2 poisoned darts
 K - 3 javelins
Armour
 b - a +0 robe (worn)
 c - a +0 kite shield (worn)
 G - the +1 ring mail "Doakh" {rCorr Int+5}
   (You found it on level 5 of the Dungeon)

   Int:       It affects your intelligence (+5).
   rCorr:     It protects you from acid and corrosion.
Wands
 o - a wand of acid (10)
 w - a wand of flame (9)
Scrolls
 e - 3 scrolls of immolation
 l - a scroll of magic mapping {unknown}
 m - a scroll of holy word {unknown}
 p - 2 scrolls of enchant weapon {unknown}
 q - 5 scrolls of identify
 v - a scroll of fear {unknown}
 y - 3 scrolls of teleportation {unknown}
 D - a scroll of vulnerability {unknown}
 J - a scroll of fog {unknown}
Potions
 k - 2 potions of curing
 n - 2 potions of mutation {unknown}
 u - a potion of resistance {unknown}
 x - 2 potions of haste {unknown}
 z - 2 potions of lignification {unknown}
 A - 2 potions of heal wounds {unknown}
 B - a potion of attraction {unknown}


   Skills:
 + Level 4.2 Fighting
 + Level 4.4(5.1) Axes
 + Level 4.2(5.3) Maces & Flails
 + Level 4.3 Dodging
 + Level 1.4 Stealth
 + Level 3.9 Shields


You had 7 spell levels left.
You didn't know any spells.
Your spell library contained the following spells:

 Spells                   Type           Power      Damage    Failure   Level
 Beastly Appendage        Tmut           0%         N/A       71%         1
 Blink                    Tloc           0%         N/A       85%         2
 Wereblood                Tmut           0%         N/A       85%         2
 Lesser Beckoning         Tloc           0%         N/A       97%         3
 Spider Form              Tmut/Pois      0%         N/A       97%         3
 Manifold Assault         Tloc           0%         N/A       100%        5


Dungeon Overview and Level Annotations

Branches:
Dungeon (7/15)             Temple (1/1) D:6         Ossuary (visited)

Altars:
Ashenzari
Cheibriados
Dithmenos
Elyvilon
Fedhas
Gozag
Hepliaklqana
Kikubaaqudgha
Makhleb
Nemelex Xobeh
Okawaru
Qazlal
Ru
Sif Muna
Trog
Uskayaw
Vehumet
Wu Jian
Xom
Yredelemnul
Zin

Shops:
D:3 (

Annotations:
D:6 kaffeinatedkobold's ghost, novice TrHu


Innate Abilities, Weirdness & Mutations

You are too large for most types of armour.
You have claws for hands.
Your natural rate of healing is unusually fast.
You are covered in fur. (AC +1)
You have tough skin. (AC +1)


Message History

There is a stone staircase leading down here.
You climb downwards.
Level annotation: 1 runed translucent door, kaffeinatedkobold's ghost, novice TrHu
There is a stone staircase leading up here.
You see here a +0 club.
Kaffeinatedkobold's ghost turns its malevolent gaze towards you.
You open the door. You hit kaffeinatedkobold's ghost.
You freeze kaffeinatedkobold's ghost.
Kaffeinatedkobold's ghost is lightly damaged.
Kaffeinatedkobold's ghost grins evilly.
Kaffeinatedkobold's ghost hits you!!
You hit kaffeinatedkobold's ghost. You freeze kaffeinatedkobold's ghost.
Kaffeinatedkobold's ghost is lightly damaged.
You block kaffeinatedkobold's ghost's attack.
You closely miss kaffeinatedkobold's ghost.
Kaffeinatedkobold's ghost is lightly damaged.
You block kaffeinatedkobold's ghost's attack.
You closely miss kaffeinatedkobold's ghost.
Kaffeinatedkobold's ghost is lightly damaged.
Kaffeinatedkobold's ghost hits you.
You block kaffeinatedkobold's ghost's attack.
You barely miss kaffeinatedkobold's ghost.
Kaffeinatedkobold's ghost is lightly damaged.
Kaffeinatedkobold's ghost closely misses you.
You slash kaffeinatedkobold's ghost! You freeze kaffeinatedkobold's ghost.
Kaffeinatedkobold's ghost is heavily damaged.
Kaffeinatedkobold's ghost hits you!!
You hit kaffeinatedkobold's ghost but do no damage.
Kaffeinatedkobold's ghost is heavily damaged.
You block kaffeinatedkobold's ghost's attack.
You barely miss kaffeinatedkobold's ghost.
Kaffeinatedkobold's ghost is heavily damaged.
Kaffeinatedkobold's ghost hits you!!
You hit kaffeinatedkobold's ghost. You freeze kaffeinatedkobold's ghost.
Kaffeinatedkobold's ghost is heavily damaged.
Kaffeinatedkobold's ghost hits you!
* * * LOW HITPOINT WARNING * * *
You feel very mighty all of a sudden. Kaffeinatedkobold's ghost hits you!
You die...

............##....###.##
...........######...>.## #..
#.........# #....#.. #.#
#.........######..#.... #.#
#......................
#.####.....#.......>.......
####.##.......#####.#.........
#.......#......#..###...#.....
#.......#....@W':8# ##..#.....
#..............#..####........
#..............####......#....
#............##........####...
#)......#....##.....#..# ####
#......^#....##)..#.#.##
#................[#...########
#######.........>..........#..
#######..######...............


You could see kaffeinatedkobold's ghost.

Vanquished Creatures
  Grinder (D:3)
  A wyvern (D:4)
  An ice beast (D:5)
  A necrophage (D:5)
  A centaur (D:6)
  2 scorpions
  A bullfrog zombie (D:5)
  A jelly (D:6)
  A centaur zombie (Ossuary)
  3 human zombies (Ossuary)
  5 hounds
  A centaur skeleton (D:6)
  Ijyb (D:3)
  2 iguanas
  2 scorpion zombies (D:5)
  3 mummies
  4 adders
  A shadow imp (D:5)
  A white imp (D:6)
  An adder zombie (Ossuary)
  A worm (D:2)
  2 dart slugs (D:4)
  An orc (D:5)
  7 ball pythons
  7 endoplasms
  4 giant cockroaches
  9 goblins
  11 hobgoblins
  2 quokkas
  2 bats (D:2)
  7 frilled lizards
  2 goblin zombies (Ossuary)
  12 hobgoblin zombies (Ossuary)
  3 jackal zombies (Ossuary)
  5 kobolds
  7 kobold zombies (Ossuary)
  7 orc zombies (Ossuary)
  5 rats
  A rat zombie (Ossuary)
129 creatures vanquished.

Vanquished Creatures (others)
  2 withered plants (D:6)
2 creatures vanquished.

Grand Total: 131 creatures vanquished

Notes
Turn   | Place    | Note
-------+----------+-------------------------------------------
     0 | D:1      | issech the Troll Fighter began the quest for the Orb.
     0 | D:1      | Reached XP level 1. HP: 22/22 MP: 0/0
   304 | D:1      | Found a faded altar of an unknown god.
   316 | D:1      | Reached XP level 2. HP: 29/29 MP: 1/1
   834 | D:2      | Reached XP level 3. HP: 27/36 MP: 2/2
  1218 | D:2      | Reached XP level 4. HP: 43/44 MP: 3/3
  1805 | D:3      | Noticed Grinder
  1809 | D:3      | Paralysed by Grinder for 3 turns
  1844 | D:3      | Killed Grinder
  1845 | D:3      | Reached XP level 5. HP: 29/53 MP: 4/4
  1845 | D:3      | Reached XP level 6. HP: 34/61 MP: 5/5
  2013 | D:3      | Noticed Ijyb
  2072 | D:3      | Killed Ijyb
  2106 | D:3      | Identified the +11 hand axe of the Realm of Zot {freeze,
                  | rF+ Int+3}
  2431 | D:3      | Found Plog's Weapon Shop.
  2529 | D:4      | Found a sand-covered staircase.
  2540 | Ossuary  | Entered an ossuary
  2704 | Ossuary  | Reached skill level 1 in Axes
  2979 | D:4      | Reached XP level 7. HP: 67/67 MP: 6/6
  3006 | D:4      | Noticed a wyvern
  3012 | D:4      | Killed a wyvern
  3417 | D:5      | Entered Level 5 of the Dungeon
  3589 | D:5      | You fall into a shaft and drop 2 floors!
  3618 | D:6      | Reached XP level 8. HP: 59/78 MP: 7/7
  3660 | D:6      | Reached skill level 1 in Stealth
  3750 | D:6      | Found a runed translucent door.
  3751 | D:6      | Noticed kaffeinatedkobold's ghost (novice TrHu)
  3801 | D:6      | Found a staircase to the Ecumenical Temple.
  3810 | Temple   | Entered the Ecumenical Temple
  3861 | Temple   | Became a worshipper of Dithmenos the Shadowed
  4221 | D:5      | Identified the +1 ring mail "Doakh" {rCorr Int+5}
  4813 | D:6      | Slain by kaffeinatedkobold's ghost

Illustrated notes

Levels and vault maps discovered:
D:1:      matt_arrival_spirals, layout_loops_ring,
          hellmonk_ecumenical_altar_blasted
D:2:      minmay_evil_eye, layout_loops_ring, hangedman_decor_clover_reticule,
          hangedman_abyss_or_decor_stabs, grunt_decor_junction
D:3:      layout_loops_ring, serial_shops, nicolae_lakefront_shop, uniq_ijyb,
          uniq_grinder
D:4:      layout_rooms, gup_ossuary_entry_pyramid
D:5:      layout_loops_ring
D:6:      layout_rooms, lemuel_tele_altar, minmay_temple_entry_poolview,
          gammafunk_ghost_grave
D:7:      cheibrodos_fzero, layout_rooms, enter_bailey_3
Temple:   mainiacjoe_temple_hex_bubbles

Skill      XL: |  1  2  3  4  5  6  7  8 |
---------------+-------------------------+-----
Maces & Flails | 2 3 4 |  4.2
Fighting       | 3 4 |  4.2
Dodging        | 3 4 |  4.3
Shields        | 3 |  3.9
Axes           | 1 3 4 |  4.4
Stealth        | 1 |  1.4

Action                   |  1- 3 |  4- 6 |  7- 9 || total
-------------------------+-------+-------+-------++-------
Melee: Flail             |   117 |    82 |       ||   199
       Hand axe          |       |    82 |    95 ||   177
  Use: Scroll            |     1 |     1 |       ||     2
       Potion            |       |       |     1 ||     1
 Stab: Sleeping          |       |       |     5 ||     5
Armor: Robe              |    47 |    34 |    17 ||    98
Dodge: Dodged            |    71 |    61 |    36 ||   168
Block: Kite shield       |    59 |    51 |    35 ||   145

Table legend: (Time is in decaauts)
 A = Elapsed time spent in this place.
 B = Non-inter-level travel time spent in this place.
 C = Inter-level travel time spent in this place.
 D = Time resting spent in this place.
 E = Time spent auto-exploring this place.
 F = Levels seen in this place.
 G = Mean time per level.
                   A        B        C        D        E       F      G
               +--------+--------+--------+--------+--------+-----+--------+
         Total |   4940 |   4803 |    137 |      8 |   2328 |   9 |  548.9 |
       Dungeon |   4302 |   4202 |    100 |      8 |   2092 |   7 |  614.6 |
        Temple |    250 |    213 |     37 |      0 |    195 |   1 |  250.0 |
       Ossuary |    386 |    386 |      0 |      0 |     41 |   1 |  386.0 |
               +--------+--------+--------+--------+--------+-----+--------+

Top non-repeatable levels by time:
     D:2: 908 daAuts
     D:1: 859 daAuts
     D:3: 813 daAuts
     D:5: 775 daAuts
     D:4: 561 daAuts
 Ossuary: 386 daAuts
     D:6: 370 daAuts
  Temple: 250 daAuts
     D:7: 14 daAuts
